AoeStats
← -(-0-0-)-+(,_o)+$(*^_^*)$

Arabia

510528452Analyzed
2v2 RM · 2d ago on Oct 1, 2026· 56m 58s· 4 players
Game mode
Random Map
Map size
Medium (4 player)
Population
200
Speed
Normal
Resources
Standard
Victory
Conquest
Starting age
Dark Age
Ending age
Imperial Age
RankedLock teamsTeams togetherTeam positionsShared explorationLock speedFull tech treeHidden civsTurbo modeCheats
Victory
Defeat
🇮🇳 Danes · India
921
+19
869
+22
🇨🇳 Lithuanians · China
997
-21
🇦🇺 Cumans · Australia
971
-41
SABISHII
6:44 Loom
7:34 Loom
10:07 Feudal Age
12:34 Double-Bit Axe
19:58 Castle Age
20:01 Horse Collar
20:16 Gold Mining
22:24 Bow Saw
22:57 Arson
23:54 Forging
24:45 Wheelbarrow
25:07 Squires
24:59 Gambesons
26:01 Scale Mail Armor
29:16 Fletching
29:57 Town Watch
32:05 Stone Mining
34:32 Arson
37:12 Iron Casting
37:37 Chain Mail Armor
37:58 Heavy Plow
40:28 Elite Skirmisher
41:14 Thumb Ring
41:07 Bodkin Arrow
41:20 Hamask
46:26 Imperial Age
44:12 Hand Cart
44:46 Padded Archer Armor
47:25 Gold Shaft Mining
47:33 Stone Shaft Mining
46:40 Elite Jomsviking
47:48 Conscription
48:36 Blast Furnace
48:06 Plate Mail Armor
47:09 Elite Varangian Guard
49:02 Bracer
49:17 Leather Archer Armor
53:33 Ring Archer Armor
55:38 Bloodlines
55:31 Husbandry
56:16 Town Patrol
55:51 Light Cavalry
56:47 Scale Barding Armor
-(-0-0-)-+(,_o)+$(*^_^*)$
3:03 Loom
17:48 Feudal Age
22:55 Castle Age
21:29 Horse Collar
21:49 Gold Mining
21:46 Double-Bit Axe
22:08 Scale Mail Armor
23:05 Forging
27:54 Iron Casting
27:40 Chain Mail Armor
33:39 Gold Shaft Mining
41:41 Wheelbarrow
41:22 Town Watch
43:17 Hand Cart
47:57 Town Patrol
48:37 Treadmill Crane
48:53 Murder Holes
48:51 Fletching
49:24 Ballistics
50:03 Masonry
49:50 Bodkin Arrow
53:12 Imperial Age
52:57 Yasama
53:04 Stone Mining
55:11 Chemistry
54:03 Guard Tower
55:16 Blast Furnace
53:53 Capped Ram
53:58 Elite Samurai
55:03 Conscription
57:12 Kataparuto
北极熊
12:05 Feudal Age
14:09 Man-at-Arms
17:03 Arson
17:32 Double-Bit Axe
17:29 Horse Collar
17:37 Loom
23:32 Castle Age
23:04 Fletching
24:38 Squires
26:18 Wheelbarrow
25:29 Town Watch
25:25 Elite Skirmisher
25:49 Pikeman
29:49 Hill Forts
32:05 Bodkin Arrow
36:09 Murder Holes
45:04 Long Swordsman
45:58 Forging
45:48 Scale Mail Armor
45:43 Treadmill Crane
46:15 Fortified Wall
46:13 Heavy Plow
46:26 Bow Saw
50:43 Iron Casting
50:23 Chain Mail Armor
50:47 Gold Mining
54:25 Imperial Age
52:13 Stone Mining
53:49 Thumb Ring
53:51 Padded Archer Armor
55:06 Ballistics
54:58 Masonry
Coolshanks
10:15 Feudal Age
11:21 Double-Bit Axe
12:05 Horse Collar
21:29 Wheelbarrow
23:13 Castle Age
22:12 Scale Barding Armor
23:49 Forging
24:24 Bow Saw
24:32 Hand Cart
24:46 Heavy Plow
25:44 Chain Barding Armor
26:17 Capped Ram
27:05 Gold Mining
28:08 Loom
37:12 Imperial Age
36:50 Bloodlines
37:46 Fletching
38:53 Elite Steppe Lancer
39:52 Man-at-Arms
40:48 Bodkin Arrow
40:48 Long Swordsman
42:31 Two-Handed Swordsman
43:23 Padded Archer Armor
44:40 Scale Mail Armor
45:16 Iron Casting
46:57 Elite Kipchak
47:32 Champion
48:31 Siege Ram
49:44 Chain Mail Armor
53:06 Plate Mail Armor
53:36 Blast Furnace
Connection lost

Rejoining the realm…

Still unreachable

The connection could not be restored.

Session expired

The server has moved on; the page needs a fresh start.